 Dungeon Crawl Stone Soup version 0.28-a0-80-g9707f7362f (webtiles) character file.

Game seed: 380847235009360222

95 Sweetruy1997 the Stinger (level 4, -2/33 HPs)
             Began as a Draconian Venom Mage on Aug 5, 2021.
             Killed by an exploding gnoll (19 damage)
             ... ignited by their inner flame
             ... on level 2 of the Dungeon.
             The game lasted 00:04:24 (2435 turns).

Sweetruy1997 the Stinger (Draconian Venom Mage)     Turns: 2435, Time: 00:04:24

Health: -2/33      AC: 10    Str: 11    XL:     4   Next: 40%
Magic:  1/7        EV: 12    Int: 16    God:
Gold:   62         SH:  0    Dex: 11    Spells: 2/8 levels left

rFire   . . .      SeeInvis .   c - +1 short sword
rCold   . . .      Faith    .   (no shield)
rNeg    . . .      Spirit   .   (armour unavailable)
rPois   .          Reflect  .   (helmet restricted)
rElec   .          Harm     .   (no cloak)
rCorr   .          Rampage  .   (no gloves)
Will    .....                   h - +0 pair of boots
Stlth   ++........              (no amulet)
HPRegen 0.11/turn               e - +4 ring of protection
MPRegen 0.10/turn               (no ring)

@: no status effects
A: AC +5, unfitting armour, cold-blooded
a: no special abilities


You were on level 2 of the Dungeon.
You visited 1 branch of the dungeon, and saw 2 of its levels.

You collected 62 gold pieces.

Inventory:

Hand Weapons
 c - a +1 short sword (weapon)
Armour
 h - a +0 pair of boots (worn)
Jewellery
 e - a +4 ring of protection (left hand)
 f - a ring of protection from cold
Potions
 a - a potion of might {unknown}
 d - 4 potions of curing {unknown}


   Skills:
 + Level 0.1 Fighting
 + Level 0.2 Short Blades
 + Level 2.1 Dodging
 + Level 1.9 Stealth
 + Level 2.6 Spellcasting
 + Level 2.1 Transmutations
 + Level 0.1 Air Magic
 + Level 4.0 Poison Magic


You had 2 spell levels left.
You knew the following spells:

 Your Spells              Type           Power      Damage    Failure   Level
a - Sting                 Tmut/Pois      44%        1d5       5%          1
b - Poisonous Vapours     Pois/Air       16%        N/A       13%         2
c - Mephitic Cloud        Conj/Pois/Air  6%         N/A       32%         3

Your spell library contained the following spells:

 Spells                   Type           Power      Damage    Failure   Level
 Olgreb's Toxic Radiance  Pois           15%        N/A       36%         4
 Frozen Ramparts          Ice            4%         1d2       52%         3
 Ice Form                 Ice/Tmut       5%         N/A       77%         4
 Summon Ice Beast         Ice/Summ       2%         N/A       89%         4


Dungeon Overview and Level Annotations

Branches:
Dungeon (2/15)

Altars:


Innate Abilities, Weirdness & Mutations

Your plain brown scales are hard. (AC +5)
You cannot fit into any form of body armour.
You are cold-blooded and may be slowed by cold attacks.


Message History

The jackal barks!
You hit the jackal but do no damage.
You hear a shout!
A gnoll comes into view. It is wielding a +0 spear.
The jackal bites you.
The jackal bites you but does no damage.
You closely miss the jackal.
A gnoll comes into view. It is wielding a +0 spear.
The jackal closely misses you.
You hit the jackal.
The jackal is almost dead.
The jackal bites you but does no damage. x2
The sting hits the jackal but does no damage.
The jackal is poisoned.
The jackal is almost dead.
You kill the jackal!
You barely miss the jackal.
The gnoll shouts!
Your tail-slap misses the jackal.
The jackal closely misses you. The jackal misses you.
You hit the jackal.
You kill the jackal!
As you read the scroll labelled YQUSUE WEFF, it crumbles to dust.
It is a scroll of enchant weapon.
Your +0 short sword glows red for a moment.
As you read the scroll labelled WUFUGI GUTUIPH, it crumbles to dust.
The creatures around you are filled with an inner flame!
It was a scroll of immolation.
The gnoll closely misses you.
As you read the scroll labelled FIEQOCSAEST, it crumbles to dust.
Your body is wracked with pain!
The gnoll convulses!
Flame seeps out of the gnoll.
The gnoll convulses!
Flame seeps out of the gnoll.
The gnoll convulses!
Flame seeps out of the gnoll.
The gnoll convulses!
Flame seeps out of the gnoll.
It was a scroll of torment.
The gnoll is engulfed in blazing flames.
The gnoll explodes!
The fiery explosion engulfs the gnoll!!!
The fiery explosion engulfs you!!
Ouch! That really hurt!
You die...

#...# #..)#
##...######
#.........#
#####
#)........#
#....
#.##......#
#....
#.#####'###
#....
.#########.# #.#
#..).
....g.gā—‹ā—‹@.#
#.# #.#..
.########### #.#
#.... #.# ###..
#.# #..
#.#######..
#.##.).ā€ ...
#(##.####.#
#.##.# #..
#..(.# ###


You could see 2 gnolls.

Vanquished Creatures
  A scorpion (D:2)
  2 gnolls (D:2)
  A dart slug (D:1)
  3 bats
  An endoplasm (D:1)
  A giant cockroach (D:1)
  3 goblins (D:2)
  5 hobgoblins
  2 jackals (D:2)
  4 kobolds (D:1)
  3 quokkas
  2 ball pythons
  5 frilled lizards
  4 rats
37 creatures vanquished.

Notes
Turn   | Place    | Note
-------+----------+-------------------------------------------
     0 | D:1      | Sweetruy1997 the Draconian Venom Mage began the quest for
                  | the Orb.
     0 | D:1      | Reached XP level 1. HP: 14/14 MP: 3/3
   339 | D:1      | Reached XP level 2. HP: 3/20 MP: 0/5
   904 | D:1      | Learned a level 2 spell: Poisonous Vapours
  1624 | D:2      | Reached XP level 3. HP: 26/26 MP: 0/6
  1783 | D:2      | Learned a level 3 spell: Mephitic Cloud
  2116 | D:2      | Noticed a scorpion
  2123 | D:2      | Killed a scorpion
  2124 | D:2      | Reached XP level 4. HP: 33/33 MP: 0/7
  2229 | D:2      | Reached skill level 4 in Poison Magic
  2435 | D:2      | Killed by an exploding gnoll... ignited by their inner
                  | flame

Illustrated notes

Levels and vault maps discovered:
D:1:      erik_arrival_cave_to_civilisation [erik_arrival_cave_to_hall],
          layout_basic
D:2:      layout_basic

Skill      XL: |  1  2  3  4 |
---------------+-------------+-----
Dodging        | 2 |  2.1
Transmutations | 2 |  2.1
Poison Magic   | 4 |  4.0
Fighting       | |  0.1
Short Blades   | |  0.2
Stealth        | |  1.9
Spellcasting   | |  2.6
Air Magic      | |  0.1

Action                   |  1- 3 |  4- 6 || total
-------------------------+-------+-------++-------
Melee: Unarmed           |     4 |       ||     4
       Short sword       |    19 |    10 ||    29
       Tailslap          |     2 |       ||     2
 Cast: Sting             |    45 |    12 ||    57
       Poisonous Vapours |     4 |     2 ||     6
  Use: Scroll            |       |     3 ||     3
Armor: Skin              |    11 |     6 ||    17
Dodge: Dodged            |    19 |    10 ||    29

Table legend: (Time is in decaauts)
 A = Elapsed time spent in this place.
 B = Non-inter-level travel time spent in this place.
 C = Inter-level travel time spent in this place.
 D = Time resting spent in this place.
 E = Time spent auto-exploring this place.
 F = Levels seen in this place.
 G = Mean time per level.
                   A        B        C        D        E       F      G
               +--------+--------+--------+--------+--------+-----+--------+
         Total |   2436 |   2355 |     81 |    563 |   1562 |   2 | 1218.0 |
       Dungeon |   2436 |   2355 |     81 |    563 |   1562 |   2 | 1218.0 |
               +--------+--------+--------+--------+--------+-----+--------+

Top non-repeatable levels by time:
     D:1: 1540 daAuts
     D:2: 895 daAuts
